 Dungeon Crawl Stone Soup version 0.30-a0-137-gd8773701ce (webtiles) character file.

Game seed: 848182542415348313

776 blackman the Cleaver (level 7, -7/57 HPs)
             Began as a Minotaur Fighter on Sept 22, 2022.
             Was a Priest of Zin.
             Killed from afar by a steam dragon (23 damage)
             ... with a ball of steam
             ... on level 5 of the Dungeon.
             The game lasted 00:02:53 (3893 turns).

blackman the Cleaver (Minotaur Fighter)             Turns: 3893, Time: 00:02:54

Health: -7/57      AC: 12    Str: 22    XL:     7   Next: 54%
Magic:  6/6        EV:  6    Int:  5    God:    Zin [***...]
Gold:   239        SH:  4    Dex: 10    Spells: 6/6 levels left

rFire   . . .      SeeInvis .    a - +0 war axe
rCold   . . .      Faith    .    c - +0 buckler
rNeg    . . .      Spirit   .    u - +0 plate armour
rPois   .          Reflect  .    (helmet restricted)
rElec   .          Harm     .    (no cloak)
rCorr   .          Rampage  .    (no gloves)
Will    .....                    n - +0 pair of boots
Stlth   ..........               (no amulet)
HPRegen 0.19/turn                (no ring)
MPRegen 0.10/turn                (no ring)

@: no status effects
A: horns 2, retaliatory headbutt
a: Renounce Religion, Recite, Vitalisation, Imprison, Donate Gold


You were on level 5 of the Dungeon.
You worshipped Zin.
Zin was most pleased with you.
You visited 1 branch of the dungeon, and saw 5 of its levels.

You collected 265 gold pieces.
You donated 26 gold pieces to Zin.

Inventory:

Hand Weapons
 a - a +0 war axe (weapon)
Missiles
 t - a throwing net (quivered)
Armour
 b - a +0 scale mail
 c - a +0 buckler (worn)
 n - a +0 pair of boots (worn)
   (You found it on level 1 of the Dungeon)
 u - a +0 plate armour (worn)
   (You found it on level 3 of the Dungeon)
Jewellery
 g - a ring of positive energy
   (You found it on level 1 of the Dungeon)
 k - a ring of protection from cold
   (You found it on level 1 of the Dungeon)
 s - an amulet of the acrobat
   (You found it on level 3 of the Dungeon)
Scrolls
 f - 4 scrolls of teleportation {unknown}
 h - a scroll of immolation {unknown}
 j - 2 scrolls of fear {unknown}
 m - a scroll of summoning {unknown}
 p - 3 scrolls of identify {unknown}
 q - a scroll of noise {unknown}
 v - a scroll of enchant armour {unknown}
 w - a scroll of blinking {unknown}
 x - a scroll of poison {unknown}
Potions
 d - 3 potions of might
 e - 2 potions of flight {unknown}
 i - 3 potions of curing {unknown}
 l - 3 potions of lignification {unknown}
 o - a potion of haste {unknown}
 r - a potion of heal wounds {unknown}
 z - a potion of berserk rage {unknown}


   Skills:
 - Level 3.6 Fighting
 + Level 10.4 Axes
 - Level 3.6 Armour
 - Level 3.6 Shields


You had 6 spell levels left.
You didn't know any spells.
Your spell library contained the following spells:

 Spells                   Type           Power      Damage    Failure   Level
 Sandblast                Erth           0%         2d4       100%        1
 Ensorcelled Hibernation  Hex/Ice        0%         N/A       100%        2
 Passwall                 Tmut/Erth      0%         N/A       100%        2
 Dazzling Flash           Conj/Hex       0%         N/A       100%        3
 Ozocubu's Armour         Ice            0%         N/A       100%        3
 Stone Arrow              Conj/Erth      0%         3d7       100%        3
 Swiftness                Air            0%         N/A       100%        3
 Agony                    Necr           0%         N/A       100%        5
 Silence                  Hex/Air        0%         N/A       100%        5
 Ozocubu's Refrigeration  Ice            0%         4d7       100%        7


Dungeon Overview and Level Annotations

Branches:
Dungeon (5/15)
 Temple: D:4-7

Altars:
Uskayaw
Zin

Shops:
D:3 !


Innate Abilities, Weirdness & Mutations

You have a pair of horns on your head.
You reflexively headbutt those who attack you in melee.


Message History

You kill the howler monkey!
No target in view!
No target in view!
No target in view!
No target in view!
No target in view!
A steam dragon comes into view.
A steam dragon is nearby!
A steam dragon is nearby!
A steam dragon is nearby!
A steam dragon is nearby!
A steam dragon is nearby!
A steam dragon is nearby!
A steam dragon is nearby!
A steam dragon is nearby!
The steam dragon hisses angrily.
You slash the steam dragon!
The steam dragon is heavily wounded.
The steam dragon bites you but does no damage.
You block the steam dragon's attack.
You hit the steam dragon but do no damage.
Your headbutt misses the steam dragon.
The steam dragon is heavily wounded.
The steam dragon breathes steam at you. The ball of steam hits you!
You barely miss the steam dragon. You headbutt the steam dragon!
The steam dragon is severely wounded.
The steam dragon barely misses you. You block the steam dragon's attack.
You barely miss the steam dragon.
The steam dragon is severely wounded.
You are engulfed in a cloud of scalding steam.
The steam dragon bites you.
The steam dragon claws you but does no damage.
You closely miss the steam dragon.
The steam dragon is severely wounded.
You are engulfed in a cloud of scalding steam.
* * * LOW HITPOINT WARNING * * *
The steam dragon breathes steam at you. The ball of steam hits you!!
You die...

###### ###
######..... #
...#......... #.
#.#.......#
#.##.....#.†.#
#..#.....#§# .#
#........§.#..#
#.##..##.@....#
#.#.##.....D#..#...
#.#.##...##...?# . #
#.#.##...........
#.#.#.##.##...##.#..
#.#.#.......##......#
#.#.#.#.).##........#
#...#.####.........#
...#..<#.##....... ^


You could see a steam dragon (catching breath).

Vanquished Creatures
  2 black bears (D:5)
  A centaur (D:5)
  3 scorpions (D:4)
  A howler monkey (D:5)
  An orc priest (D:4)
  Terence (D:3)
  2 iguanas (D:4)
  Natasha (thrice) (D:3)
  3 adders
  3 ufetubi
  2 dart slugs
  8 orcs (D:4)
  4 endoplasms
  3 giant cockroaches
  8 goblins
  6 hobgoblins
  7 kobolds
  7 ball pythons
  4 bats
  A frilled lizard (D:1)
  3 rats (D:1)
73 creatures vanquished.

Notes
Turn   | Place    | Note
-------+----------+-------------------------------------------
     0 | D:1      | blackman the Minotaur Fighter began the quest for the Orb.
     0 | D:1      | Reached XP level 1. HP: 19/19 MP: 0/0
   141 | D:1      | Reached skill level 3 in Axes
   238 | D:1      | Reached XP level 2. HP: 26/26 MP: 1/1
   977 | D:2      | Reached skill level 4 in Axes
  1004 | D:2      | Reached XP level 3. HP: 30/31 MP: 2/2
  1518 | D:2      | Reached skill level 5 in Axes
  1675 | D:3      | Found a faded altar of an unknown god.
  1731 | D:3      | Prayed at the altar of an unknown god.
  1731 | D:3      | Became a worshipper of Zin the Law-Giver
  1731 | D:3      | Reached * piety under Zin
  1731 | D:3      | Reached ** piety under Zin
  1749 | D:3      | Found a hide-covered altar of Uskayaw.
  1756 | D:3      | Noticed Natasha
  1761 | D:3      | Killed Natasha
  1762 | D:3      | Reached XP level 4. HP: 39/39 MP: 3/3
  1826 | D:3      | Found Naemnaep's Distillery.
  1894 | D:3      | Noticed Natasha
  1898 | D:3      | Killed Natasha
  1923 | D:3      | Noticed Terence
  1935 | D:3      | Killed Terence
  1936 | D:3      | Reached skill level 6 in Axes
  2138 | D:3      | Reached XP level 5. HP: 40/40 MP: 4/4
  2268 | D:3      | Noticed Natasha
  2273 | D:3      | Killed Natasha
  2457 | D:4      | Reached skill level 7 in Axes
  2486 | D:4      | Reached XP level 6. HP: 25/51 MP: 5/5
  2496 | D:4      | Reached skill level 8 in Axes
  2770 | D:4      | Reached *** piety under Zin
  3351 | D:4      | Reached skill level 9 in Axes
  3810 | D:5      | Entered Level 5 of the Dungeon
  3817 | D:5      | Reached XP level 7. HP: 56/57 MP: 6/6
  3851 | D:5      | Reached skill level 10 in Axes
  3886 | D:5      | Noticed a steam dragon
  3893 | D:5      | Killed from afar by a steam dragon

Illustrated notes

Levels and vault maps discovered:
D:1:      sevenhm_arrival_forest_fort_small_6, layout_basic, serial_park_tiny_1
D:2:      minmay_wonky_spiral, layout_loops_cross
D:3:      layout_basic, nicolae_uskayaw_murder_on_the_dancefloor,
          hellmonk_ecumenical_altar_run_dry, serial_shops,
          nicolae_shop_behind_doors, hex_intersection, uniq_natasha,
          uniq_terence
D:4:      layout_loops_corners, minmay_vboxes
D:5:      lemuel_castle_with_subvaults [lemuel_castle_interior_carwin_2],
          layout_basic, temple_pool_b, ebering_ghost_inner_flame,
          hangedman_decor_peaks_small

Skill      XL: |  1  2  3  4  5  6  7 |
---------------+----------------------+-----
Axes           | 3 4 5 6 7 9 10 | 10.4
Fighting       | |  3.6
Armour         | |  3.6
Shields        | |  3.6

Action                   |  1- 3 |  4- 6 |  7- 9 || total
-------------------------+-------+-------+-------++-------
Melee: War axe           |    66 |    79 |    20 ||   165
       Headbutt          |     9 |    12 |     4 ||    25
Invok: Recite            |       |     2 |       ||     2
Armor: Scale mail        |    45 |     5 |       ||    50
       Plate armour      |       |    46 |    20 ||    66
Dodge: Dodged            |    31 |    30 |    10 ||    71
Block: Buckler           |     8 |    25 |     7 ||    40

Table legend: (Time is in decaauts)
 A = Elapsed time spent in this place.
 B = Non-inter-level travel time spent in this place.
 C = Inter-level travel time spent in this place.
 D = Time resting spent in this place.
 E = Time spent auto-exploring this place.
 F = Levels seen in this place.
 G = Mean time per level.
                   A        B        C        D        E       F      G
               +--------+--------+--------+--------+--------+-----+--------+
         Total |   3926 |   3751 |    175 |      0 |   3290 |   5 |  785.2 |
       Dungeon |   3926 |   3751 |    175 |      0 |   3290 |   5 |  785.2 |
               +--------+--------+--------+--------+--------+-----+--------+

Top non-repeatable levels by time:
     D:4: 1472 daAuts
     D:1: 922 daAuts
     D:3: 746 daAuts
     D:2: 701 daAuts
     D:5: 83 daAuts
